 Dungeon Crawl Stone Soup version 0.28.0-53-g5a82cb258f (webtiles) character file.

Game seed: 13516429788733849170

1 Gabide the Grave Robber (level 1, -3/13 HPs)
             Began as a Mummy Necromancer on May 24, 2022.
             Slain by a goblin
             ... wielding a +1 dagger of flaming
              (4 damage)
             ... on level 1 of the Dungeon.
             The game lasted 00:00:36 (36 turns).

Gabide the Grave Robber (Mummy Necromancer)           Turns: 36, Time: 00:00:37

Health: -3/13      AC:  2    Str: 11    XL:     1   Next: 16%
Magic:  3/4        EV: 12    Int: 14    God:
Gold:   6          SH:  0    Dex: 12    Spells: 4/5 levels left

rFire   x . .      SeeInvis .   b - +0 short sword
rCold   + . .      Faith    .   (no shield)
rNeg    + + +      Spirit   .   a - +0 robe
rPois   ∞          Reflect  .   (no helmet)
rElec   .          Harm     .   (no cloak)
rCorr   .          Rampage  .   (no gloves)
Will    .....                   (no boots)
Stlth   ++........              (no amulet)
HPRegen 0.04/turn               (no ring)
MPRegen 0.09/turn               (no ring)

@: no status effects
A: cold resistance 1, negative energy resistance 3, torment resistance 2, heat
vulnerability 1, no potions
a: no special abilities


You were on level 1 of the Dungeon.
You visited 1 branch of the dungeon, and saw 1 of its levels.

You collected 6 gold pieces.

Inventory:

Hand Weapons
 b - a +0 short sword (weapon)
Armour
 a - a +0 robe (worn)


   Skills:
 - Level 1.5 Dodging
 - Level 1.5 Stealth
 + Level 2.8 Spellcasting
 - Level 4.0 Necromancy


You had 4 spell levels left.
You knew the following spells:

 Your Spells              Type           Power      Damage    Failure   Level
a - Pain                  Necr           52%        1d6       4%          1

Your spell library contained the following spells:

 Spells                   Type           Power      Damage    Failure   Level
 Animate Skeleton         Necr           26%        N/A       4%          1
 Vampiric Draining        Necr           13%        2d6       13%         3
 Animate Dead             Necr           6%         N/A       38%         4
 Agony                    Necr           13%        N/A       75%         5


Dungeon Overview and Level Annotations

Branches:
Dungeon (1/15)

Altars:


Innate Abilities, Weirdness & Mutations

You are immune to poison.
Your flesh is cold resistant. (rC+)
You are immune to negative energy. (rN+++)
You are immune to unholy pain and torment.
You are vulnerable to heat. (rF-)
You do not drink.


Message History

Press ? for a list of commands and other information.
Found a staircase leading out of the dungeon.
Casting: Pain (safe; 4% risk of failure)
Confirm with . or Enter, or press ? or * to list all spells.
Okay, then.
Found a short sword.
Found 23 stones.
A kobold comes into view. It is wielding a +0 short sword.
You see here a +0 short sword.
b - a +0 short sword
b - a +0 short sword (weapon)
You see here 6 gold pieces.
Found 16 sling bullets.
The helpless kobold fails to defend itself.
You hit the kobold.
You kill the kobold!
No target in view!
You now have 6 gold pieces.
A frilled lizard, a goblin and a hobgoblin come into view.
The goblin is wielding a +1 dagger of flaming.
Found a scroll labelled JANTIRR KIROI.
You see here a +0 short sword. 2 quokkas come into view.
The frilled lizard hisses angrily.
You see here a +0 short sword.
You closely miss the frilled lizard. The frilled lizard closely misses you.
You hit the frilled lizard.
You kill the frilled lizard!
You barely miss the goblin. The goblin closely misses you.
The goblin hits you with a +1 dagger of flaming.
The goblin burns you.
You are too injured to fight recklessly!
Aiming: Pain (safe; 4% risk of failure)
Press: ? - help, Q - select action Shift-Dir - straight line, f - goblin
Aim: a goblin, wielding a +1 dagger of flaming (chance to affect: 83%)
The goblin writhes in agony.
The goblin hits you with a +1 dagger of flaming.
* * * LOW HITPOINT WARNING * * *
The goblin burns you.
You die...

##.............
#.............≈
###.........8.... .
#.......8.......≈
..
#...............≈
...
#...........###.≈
.... #(.......####
###
.....#####......###
.......rg@......#
.......g#########
.?......# .....(.l#
.......g# ........#
........# ........#
.r.......


You could see a quokka, a hobgoblin and a goblin.

Vanquished Creatures
  A frilled lizard (D:1)
  A kobold (D:1)
2 creatures vanquished.

Notes
Turn   | Place    | Note
-------+----------+-------------------------------------------
     0 | D:1      | Gabide the Mummy Necromancer began the quest for the Orb.
     0 | D:1      | Reached XP level 1. HP: 13/13 MP: 4/4
    36 | D:1      | Slain by a goblin

Illustrated notes

Levels and vault maps discovered:
D:1:      nicolae_arrival_washed_ashore, layout_rooms,
          shapermc_ecumenical_altar_totnotflames, serial_shops, shop,
          nicolae_lakefront_shop, roderic_serpentine_path

Action                   || total
-------------------------++-------
Melee: Short sword       ||     4
 Cast: Pain              ||     1
 Stab: Sleeping          ||     1
Dodge: Dodged            ||     2
